 Dungeon Crawl Stone Soup version 0.32-a0-450-g080537f31e (webtiles) character file.

Game seed: 9945369870442992652

56 anacleto the Digger (level 3, -8/19 HPs)
             Began as a Deep Elf Earth Elementalist on Feb 23, 2024.
             Killed by divine providence
             ... invoked by an orc priest
              (11 damage)
             ... on level 3 of the Dungeon.
             The game lasted 00:03:16 (1550 turns).

anacleto the Digger (Deep Elf Earth Elementalist)   Turns: 1550, Time: 00:03:17

Health: -8/19      AC:  2    Str:  5    XL:     3   Next: 69%
Magic:  5/9        EV: 13    Int: 21    God:
Gold:   144        SH:  0    Dex: 15    Spells: 4/8 levels left

rFire   . . .        g - +1 dagger (protect)
rCold   . . .        (no shield)
rNeg    . . .        a - +0 robe
rPois   +            (no helmet)
rElec   .            (no cloak)
rCorr   .            (no gloves)
SInv    .            (no boots)
Will    .....        (no amulet)
Stlth   ++           n - ring of poison resistance
HPRegen 0.23/turn    (no ring)
MPRegen 0.11/turn

%: no passive effects
@: no status effects
A: no striking features
a: Convert to Beogh


You were on level 3 of the Dungeon.
You visited 1 branch of the dungeon, and saw 3 of its levels.

You collected 144 gold pieces.

Inventory:

Hand Weapons
 g - a +1 dagger of protection (weapon)
Armour
 a - a +0 robe (worn)
Jewellery
 n - a ring of poison resistance (left hand)
Scrolls
 d - a scroll of blinking {unknown}
 e - a scroll of fear {unknown}
 f - a scroll of silence {unknown}
 i - 2 scrolls of revelation {unknown}
 j - 2 scrolls of identify {unknown}
 m - a scroll of noise {unknown}
 o - a scroll of vulnerability {unknown}
 q - a scroll of teleportation {unknown}
Potions
 b - a potion of magic
 c - 2 potions of heal wounds {unknown}
 h - a potion of haste {unknown}
 k - 2 potions of degeneration {unknown}
 l - a potion of attraction {unknown}
 p - a potion of curing {unknown}
 r - a potion of enlightenment {unknown}


   Skills:
 + Level 2.9 Dodging
 + Level 3.0 Stealth
 + Level 3.3 Spellcasting
 * Level 2.3 Conjurations
 * Level 3.9 Earth Magic


You had 4 spell levels left.
You knew the following spells:

 Your Spells              Type           Power      Damage    Failure   Level
a - Sandblast             Erth           40%        2d10      2%          1
b - Stone Arrow           Conj/Erth      32%        3d9       11%         3

Your spell library contained the following spells:

 Spells                   Type           Power      Damage    Failure   Level
 Passwall                 Erth           20%        N/A       8%          3
 Brom's Barrelling Bould  Conj/Erth      16%        2d4       34%         4
 Petrify                  Alch/Erth      11%        N/A       50%         4


Dungeon Overview and Level Annotations

Branches:
Dungeon (3/15)

Altars:


Message History

Aim: an orc, wielding a +0 club (wandering, hasn't noticed you, 82% to hit)
The blast of sand hits the orc!
You kill the orc!
The orc throws a boomerang.
The boomerang hits you.
Aiming: Sandblast (safe; 2% risk of failure)
Press: ? - help, Q - select action Shift-Dir - straight line, f - orc
Aim: an orc, wielding a +0 flail and quivering boomerangs (82% to hit)
The blast of sand misses the orc.
Unknown command.
Aiming: Sandblast (safe; 2% risk of failure)
Press: ? - help, Q - select action Shift-Dir - straight line, f/p - orc
Aim: an orc, wielding a +0 flail and quivering boomerangs (82% to hit)
The blast of sand hits the orc!
You kill the orc!
Unknown command.
The orc shouts!
You hear a shout!
An orc priest comes into view. It is wielding a +0 hand axe.
You see here 18 gold pieces.
You now have 144 gold pieces (gained 18).
Aiming: Sandblast (safe; 2% risk of failure)
Press: ? - help, Q - select action Shift-Dir - straight line, f - orc
Aim: an orc, wielding a +0 war axe and wearing a +0 scale mail (85% to hit)
The blast of sand hits the orc but does no damage.
Aiming: Sandblast (safe; 2% risk of failure)
Press: ? - help, Q - select action Shift-Dir - straight line, f/p - orc
Aim: an orc, wielding a +0 war axe and wearing a +0 scale mail (85% to hit)
The blast of sand hits the orc.
The orc is heavily wounded.
The orc closely misses you. The orc attacks as it pursues you!
The orc barely misses you.
The orc priest calls down the wrath of Beogh upon you.
Beogh smites you!
Ouch! That really hurt!
* * * LOW HITPOINT WARNING * * *
The orc priest shouts, "Surrender to Beogh and we'll let you live!" (press Y on the ability menu to convert to Beogh)
The orc priest invokes the aid of Beogh against you.
Beogh smites you!
Ouch! That really hurt!
You die...

#.# #.# .# #.#
.# #.# .# #.#
.# ###.####.#
.# .......<.#
?#
....###..##.# .
#..@..#
#.##o.######
#.##........
####.##.#######
..#.##o#
##.#.##.#
##))...).#
........)
......##


You could see an orc priest and an orc.

Vanquished Creatures
  An adder (D:3)
  A dart slug (D:1)
  3 orcs (D:3)
  An endoplasm (D:1)
  A giant cockroach (D:1)
  5 goblins
  3 hobgoblins
  4 quokkas
  4 ball pythons
  8 bats
  A frilled lizard (D:1)
  4 kobolds
  5 rats
41 creatures vanquished.

Notes
Turn   | Place    | Note
-------+----------+-------------------------------------------
     0 | D:1      | anacleto the Deep Elf Earth Elementalist began the quest
                  | for the Orb.
     0 | D:1      | Reached XP level 1. HP: 10/10 MP: 6/6
   182 | D:1      | Reached XP level 2. HP: 15/15 MP: 6/8
   714 | D:2      | Reached XP level 3. HP: 19/19 MP: 7/9
   718 | D:2      | Learned a level 3 spell: Stone Arrow
  1550 | D:3      | Killed from afar by an orc priest

Illustrated notes

Levels and vault maps discovered:
D:1:      reono_arrival_forest_river, layout_rooms
D:2:      layout_loops_ring, bh_walls_and_bars
D:3:      layout_loops_ring, nicolae_qazlal_beasts_of_the_sky,
          shapermc_ecumenical_altar_gd

Skill      XL: |  1  2  3 |
---------------+----------+-----
Conjurations   | 2 |  2.3
Stealth        | 3 |  3.0
Dodging        | |  2.9
Spellcasting   | |  3.3
Earth Magic    | |  3.9

Action                     || total
---------------------------++-------
   Cast: Sandblast         ||    52
 Armour: Robe              ||     6
  Dodge: Dodged            ||    12

Table legend: (Time is in decaauts)
 A = Elapsed time spent in this place.
 B = Non-inter-level travel time spent in this place.
 C = Inter-level travel time spent in this place.
 D = Time resting spent in this place.
 E = Time spent auto-exploring this place.
 F = Levels seen in this place.
 G = Mean time per level.
                   A        B        C        D        E       F      G
               +--------+--------+--------+--------+--------+-----+--------+
         Total |   1584 |   1477 |    107 |     45 |   1192 |   3 |  528.0 |
       Dungeon |   1584 |   1477 |    107 |     45 |   1192 |   3 |  528.0 |
               +--------+--------+--------+--------+--------+-----+--------+

Top non-repeatable levels by time:
     D:2: 871 daAuts
     D:1: 662 daAuts
     D:3: 51 daAuts
